 Dungeon Crawl Stone Soup version 0.29.1-2-gbd0b4ee654 (webtiles) character file.

Game seed: 18430857910498509584

230 warriortoast the Shooter (level 5, -7/25 (27) HPs)
             Began as a Spriggan Hunter on Nov 16, 2022.
             Was an Initiate of Fedhas.
             Mangled by Grinder (10 damage)
             ... while paralysed by Grinder
             ... on level 4 of the Dungeon.
             The game lasted 00:10:29 (4048 turns).

warriortoast the Shooter (Spriggan Hunter)          Turns: 4048, Time: 00:10:30

HP:   -7/25 (27)    AC:  2    Str:  7    XL:     5   Next: 72%
MP:   7/7           EV:  4    Int: 12    God:    Fedhas [......]
Gold: 273           SH:  0    Dex: 19    Spells: 6/6 levels left

rFire   . . .      SeeInvis +   a - +0 shortbow
rCold   . . .      Faith    .   (shield currently unavailable)
rNeg    . . .      Spirit   .   c - +0 robe
rPois   .          Reflect  .   (helmet restricted)
rElec   .          Harm     .   k - scarf {shadows}
rCorr   .          Rampage  .   (gloves unavailable)
Will    .....                   (boots unavailable)
Stlth   +++.......              (no amulet)
HPRegen 0.08/turn               j - ring of flight
MPRegen 0.10/turn               (no ring)

@: paralysed, flying, drained, very quick
A: very small, no large weapons, unfitting armour, see invisible, speed 3
a: Renounce Religion


You were on level 4 of the Dungeon.
You worshipped Fedhas.
Fedhas was noncommittal.
You visited 1 branch of the dungeon, and saw 4 of its levels.

You collected 273 gold pieces.

Inventory:

Hand Weapons
 a - a +0 shortbow (weapon)
Armour
 c - a +0 robe (worn)
 k - a scarf of shadows (worn)
Jewellery
 j - a ring of flight (left hand)
Scrolls
 b - a scroll of immolation
 d - 4 scrolls of identify {unknown}
 e - a scroll of torment {unknown}
 f - a scroll of acquirement {unknown}
 g - 3 scrolls of blinking {unknown}
 i - a scroll of fear {unknown}
 l - 3 scrolls of teleportation {unknown}
 n - a scroll of summoning {unknown}
Potions
 h - a potion of might {unknown}
 m - a potion of magic {unknown}


   Skills:
 + Level 2.7 Fighting
 + Level 4.8 Ranged Weapons
 + Level 4.4 Dodging
 + Level 4.3 Stealth
 + Level 1.2 Spellcasting
 + Level 0.9 Invocations


You had 6 spell levels left.
You didn't know any spells.
Your spell library was empty.

Dungeon Overview and Level Annotations

Branches:
Dungeon (4/15)
 Temple: D:4-7

Altars:
Elyvilon
Fedhas
Wu Jian

Annotations:
D:4 1 runed translucent door, Grinder; qeuew's ghost, novice MfFi


Innate Abilities, Weirdness & Mutations

You are very small and have problems with some larger weapons.
You are too small for most types of armour.
You have supernaturally acute eyesight. (SInv)
You cover ground extremely quickly. (Speed+++)


Message History

Done waiting.
Your library has no spells.
Done exploring.
There is an escape hatch in the floor here.
There is a stone staircase leading down here.
You fly downwards.
Level annotation: 1 runed translucent door, qeuew's ghost, novice MfFi
There is a stone staircase leading up, spattered with blood here.
There is an open door here.
A necrophage comes into view.
You shoot an arrow. The arrow barely misses the necrophage.
You start waiting.
A necrophage is nearby!
You shoot an arrow.
The arrow hits the necrophage but does no damage.
You shoot an arrow. The arrow hits the necrophage.
The necrophage is lightly damaged.
You hear a shout!
You shoot an arrow. The arrow hits the necrophage.
The necrophage is lightly damaged.
You shoot an arrow. The arrow hits the necrophage!
The necrophage is heavily damaged.
You shoot an arrow. The arrow hits the necrophage.
The necrophage is heavily damaged.
You hear a shout!
The necrophage completely misses you.
Grinder comes into view.
The necrophage misses you.
You hear an angry hiss.
You hear a shout!
You aren't carrying any items that you can evoke.
The necrophage barely misses you. Grinder gestures at you.
You suddenly lose the ability to move!
The necrophage hits you.
You feel drained. Grinder hits you!
You writhe in agony.
The necrophage hits you.
* * * LOW HITPOINT WARNING * * *
Grinder hits you!
You die...
Fedhas appreciates your contribution to the ecosystem.

....(....#.....##
.........#.....#
.........#.....#
.........#.....#
.........#.....#
.........#.....######
.........##........<#
..).....############
#'##.n@# .. #.5.#
#...# #...# #...#
#####


You could see Grinder and a necrophage.

Vanquished Creatures
  A black bear (D:4)
  An orc priest (D:3)
  5 adders
  3 worms (D:2)
  A dart slug (D:3)
  6 orcs
  3 endoplasms (D:3)
  3 giant cockroaches
  A goblin (D:4)
  6 hobgoblins
  2 jackals (D:1)
  2 quokkas
  4 ball pythons
  4 bats
  A frilled lizard (D:1)
  4 kobolds
  3 rats
50 creatures vanquished.

Vanquished Creatures (others)
  3 fungi (D:3)
  6 toadstools (D:3)
  2 withered plants (D:4)
11 creatures vanquished.

Grand Total: 61 creatures vanquished

Notes
Turn   | Place    | Note
-------+----------+-------------------------------------------
     0 | D:1      | warriortoast the Spriggan Hunter began the quest for the
                  | Orb.
     0 | D:1      | Reached XP level 1. HP: 10/10 MP: 2/2
   679 | D:2      | Reached XP level 2. HP: 15/15 MP: 3/3
   720 | D:2      | Found a faded altar of an unknown god.
   860 | D:2      | Reached XP level 3. HP: 10/18 MP: 4/4
  1073 | D:2      | Found Vakif's Magic Scroll Emporium.
  1676 | D:3      | Reached XP level 4. HP: 18/23 MP: 5/5
  1962 | D:3      | Found a white marble altar of Elyvilon.
  2011 | D:3      | Found a blossoming altar of Fedhas.
  2015 | D:3      | Became a worshipper of Fedhas Madash
  2037 | D:3      | Found an ornate altar of the Wu Jian Council.
  2295 | D:4      | Noticed a centaur
  3198 | D:4      | Noticed a black bear
  3378 | D:4      | Killed a black bear
  3379 | D:4      | Reached skill level 1 in Spellcasting
  3379 | D:4      | Reached XP level 5. HP: 27/27 MP: 5/7
  3420 | D:4      | Found a runed translucent door.
  3420 | D:4      | Noticed qeuew's ghost (novice MfFi)
  3580 | D:4      | Identified the +8 hand axe "Ites" {speed, Stlth+}
  4042 | D:4      | Noticed Grinder
  4046 | D:4      | Paralysed by Grinder for 4 turns
  4048 | D:4      | Mangled by Grinder

Illustrated notes

Levels and vault maps discovered:
D:1:      kennysheep_arrival_seaside, layout_loops_cross,
          hangedman_decor_growths, amethyst_killhole, serial_bayou_lake_a
D:2:      layout_rooms, serial_shops, nicolae_shop_trees,
          hellmonk_ecumenical_altar_heavens_door, dk_noncrumbling_3,
          chequers_serial_rivers_micro_b, minmay_bisected
D:3:      layout_basic, mainiacjoe_overflow_24_doors,
          mainiacjoe_overflow_big_doors, solitary_fountain,
          grunt_decor_one_mirror, minmay_gold_behind_fungi
D:4:      layout_basic, gammafunk_ghost_grave, lightli_corner_chamber,
          uniq_grinder

Skill      XL: |  1  2  3  4 |
---------------+-------------+-----
Stealth        | 2 3 4 |  4.3
Dodging        | 3 4 |  4.4
Fighting       | 2 |  2.7
Spellcasting   | 1 |  1.2
Ranged Weapons | |  4.8
Invocations    | |  0.9

Action                   |  1- 3 |  4- 6 || total
-------------------------+-------+-------++-------
 Fire: Shortbow          |    89 |    84 ||   173
Armor: Robe              |     2 |       ||     2
Dodge: Dodged            |    19 |    23 ||    42
